 Dungeon Crawl Stone Soup version 0.20.0-6-gd3061e9 (webtiles) character file.

125 MTVSty1e the Ruffian (level 4, 0/38 HPs)
             Began as a Draconian Transmuter on May 28, 2017.
             Succumbed to an adder's poison
             ... on level 3 of the Dungeon.
             The game lasted 00:03:57 (2348 turns).

MTVSty1e the Ruffian (Draconian Transmuter)         Turns: 2348, Time: 00:03:58

Health: 0/38       AC:  5    Str: 12 (13) XL:     4   Next: 82%
Magic:  7/7        EV: 17    Int: 11 (14) God:
Gold:   67         SH:  0    Dex: 15 (16) Spells: 4/7 levels left

rFire    + . .     SeeInvis +     - Unarmed
rCold    + . .     Gourm    .   (no shield)
rNeg     . . .     Faith    .   (armour unavailable)
rPois    +         Spirit   .   (helmet restricted)
rElec    +         Reflect  .   (no cloak)
rCorr    +         Harm     .   (no gloves)
MR       .....                  (no boots)
Stlth    +++.......             (no amulet)
Regen    0.2/turn               d - ring of stealth
MPRegen  0.1/turn               j - ring of see invisible

@: agile, lethally poisoned (0 -> -9), resistant
A: unfitting armour, stinger 1, wild magic 1, cold-blooded, AC +5
a: no special abilities


You were on level 3 of the Dungeon.
You were not hungry.

You visited 1 branch of the dungeon, and saw 3 of its levels.

You collected 67 gold pieces.

Inventory:

Missiles
 a - 35 arrows
Jewellery
 d - a ring of stealth (left hand)
 e - an uncursed ring of wizardry
 j - a ring of see invisible (right hand)
Wands
 t - a wand of random effects (18/48)
Scrolls
 g - 2 scrolls of identify {unknown}
 h - a scroll of remove curse {unknown}
 o - a scroll of teleportation {unknown}
 r - a scroll of immolation {unknown}
 s - a scroll of fear {unknown}
Potions
 n - a potion of brilliance {unknown}
 q - a potion of invisibility {unknown}
 u - a potion of lignification {unknown}
Books
 b - a book of Changes

   Spells                             Type                      Level
   a - Beastly Appendage              Transmutation                1
   b - Sticks to Snakes               Transmutation                2
   c - Spider Form                    Transmutation/Poison         3
   d - Ice Form                       Ice/Transmutation            4
   e - Blade Hands                    Transmutation                5
Comestibles
 c - 2 bread rations
 p - a royal jelly


   Skills:
 + Level 3.5 Fighting
 - Level 1.7 Dodging
 + Level 4.5 Unarmed Combat
 - Level 2.0 Spellcasting
 - Level 2.0 Transmutations


You had 4 spell levels left.
You knew the following spells:

 Your Spells              Type           Power        Failure   Level  Hunger
a - Beastly Appendage     Tmut           #.....       19%         1    ##.....
b - Sticks to Snakes      Tmut           #.......     26%         2    ###....


Dungeon Overview and Level Annotations

Branches:
Dungeon (3/15)

Altars:


Innate Abilities, Weirdness & Mutations

Your plain brown scales are hard. (AC +5)
You cannot fit into any form of body armour.
You are cold-blooded and may be slowed by cold attacks.
Your tail ends in a poisonous barb.
Your spells are a little harder to cast, but a little more powerful.


Message History

It was a potion of resistance.
You feel protected.
* * * LOW HITPOINT WARNING * * *
You feel sick. The bat barely misses you. The adder bites you.
* * * LOW HITPOINT WARNING * * *
The bat barely misses you. The adder bites you.
* * * LOW HITPOINT WARNING * * *
It was a potion of magic.
Magic courses through your body.
* * * LOW HITPOINT WARNING * * *
You feel sick. The bat hits you but does no damage. The bat barely misses you.
The adder barely misses you.
It was a potion of mutation.
You feel extremely strange.
You feel less in control of your magic.
A poisonous barb forms on the end of your tail.
You feel clumsy.
You feel agile.
* * * LOW HITPOINT WARNING * * *
You feel sick. The bat misses you. The adder misses you.
It was a potion of agility.
You feel agile all of a sudden.
You die...

#.####.###############.....
#...........#..............
##.†........................
#...........................
#...........................
#........(....................
...............................
##..........b(.)...............
#............@................
#.............S...........g..S
###############.............S.
............... ...... .....
..... ....


You could see an adder and a bat.

Vanquished Creatures
  An orc priest (D:3)
  4 adders
  A worm (D:2)
  3 dart slugs
  2 leopard geckos
  2 orcs (D:3)
  2 ball pythons
  5 bats
  A giant cockroach (D:1)
  6 goblins
  4 hobgoblins (D:3)
  A quokka (D:2)
  4 frilled lizards (D:1)
  7 kobolds
  6 rats
49 creatures vanquished.

Notes
Turn   | Place    | Note
-------+----------+-------------------------------------------
     0 | D:1      | MTVSty1e the Draconian Transmuter began the quest for the Orb.
     0 | D:1      | Reached XP level 1. HP: 16/16 MP: 3/3
   103 | D:1      | Reached XP level 2. HP: 24/24 MP: 5/5
   542 | D:1      | Learned a level 2 spell: Sticks to Snakes
  1081 | D:2      | Reached XP level 3. HP: 29/29 MP: 6/6
  1589 | D:2      | Reached skill level 4 in Unarmed Combat
  2209 | D:3      | Reached XP level 4. HP: 28/37 MP: 5/7
  2347 | D:3      | Gained mutation: Your spells are a little harder to cast, but a little more powerful. [potion of mutation]
  2347 | D:3      | Gained mutation: Your tail ends in a poisonous barb. [potion of mutation]
  2347 | D:3      | Gained mutation: You are clumsy. (Dex -2) [potion of mutation]
  2347 | D:3      | Lost mutation: You are clumsy. (Dex -2) [potion of mutation]
  2347 | D:3      | HP: 1/38 [poisoned by an adder]
  2348 | D:3      | Succumbed to an adder's poison

Skill      XL: |  1  2  3  4 |
---------------+-------------+-----
Fighting       | 2 3 |  3.5
Unarmed Combat | 4 |  4.5
Dodging        | |  1.7
Spellcasting   | |  2.0
Transmutations | |  2.0

Action                   |  1- 3 |  4- 6 || total
-------------------------+-------+-------++-------
Melee: Unarmed           |   156 |    43 ||   199
       Tailslap          |    13 |     6 ||    19
       Kick              |     8 |     1 ||     9
       Punch             |     1 |     1 ||     2
       Headbutt          |     1 |     2 ||     3
 Cast: Beastly Appendage |     9 |     3 ||    12
  Use: Potion            |       |     5 ||     5
 Stab: Sleeping          |     2 |     1 ||     3
  Eat: Meat ration       |     1 |       ||     1
Armor: Skin              |    32 |    14 ||    46
Dodge: Dodged            |   115 |    40 ||   155
